 Dungeon Crawl Stone Soup version 0.21-a0-401-g0b6bec4 (webtiles) character file.

3766 Scaveo the Cruncher (level 9, -1/82 HPs)
             Began as a Minotaur Monk on Oct 25, 2017.
             Was an Elder of the Shining One.
             Slain by a yak (4 damage)
             ... on level 1 of the Lair of Beasts.
             The game lasted 00:49:59 (9179 turns).

Scaveo the Cruncher (Minotaur Monk)                 Turns: 9179, Time: 00:50:01

Health: -1/82      AC: 15    Str: 17    XL:     9   Next: 94%
Magic:  5/8        EV: 10    Int:  7    God:    the Shining One [****..]
Gold:   593        SH:  6    Dex: 20    Spells: 8/8 levels left

rFire    . . .     SeeInvis .   c - +0 quarterstaff {Boomstick}
rCold    . . .     Gourm    +   (shield currently unavailable)
rNeg     + + .     Faith    .   i - +0 chain mail
rPois    +         Spirit   .   (helmet unavailable)
rElec    .         Reflect  .   v - +0 cloak
rCorr    .         Harm     .   m - +0 pair of gloves
MR       .....     Clarity  +   (no boots)
Stlth    ..........             r - amulet of the gourmand
HPRegen  0.23/turn              p - +3 ring of dexterity
MPRegen  0.11/turn              w - ring of poison resistance

@: divine shield, glowing, very slow
A: retaliatory headbutt, horns 3, iridescent scales 1, thin skeletal structure
1, clarity
a: Divine Shield, Cleansing Flame, Renounce Religion


You were on level 1 of the Lair of Beasts.
You worshipped the Shining One.
The Shining One was greatly pleased with you.
You were not hungry.

You visited 3 branches of the dungeon, and saw 10 of its levels.
You also visited: Ossuary.

You collected 593 gold pieces.

Inventory:

Hand Weapons
 c - a +0 quarterstaff (weapon) {Boomstick}
 H - a +1 flail of crushing
Missiles
 t - 6 tomahawks (quivered)
Armour
 i - a +0 chain mail (worn)
 m - a +0 pair of gloves (worn)
 v - a +0 cloak (worn)
Jewellery
 p - a +3 ring of dexterity (left hand)
 r - an amulet of the gourmand (around neck)
 w - a ring of poison resistance (right hand)
 K - an uncursed ring of poison resistance
Wands
 d - a wand of lightning (9/15)
Scrolls
 g - 3 scrolls of fog
 h - 2 scrolls of immolation {unknown}
 j - a scroll of identify
 k - 3 scrolls of fear {unknown}
 l - 4 scrolls of recharging
 n - 2 scrolls of teleportation
 u - 2 scrolls of enchant weapon {unknown}
 y - a scroll of magic mapping {unknown}
 A - 3 scrolls of blinking {unknown}
 F - a scroll of amnesia
 G - 2 scrolls of remove curse
 I - 2 scrolls of enchant armour {unknown}
Potions
 a - a potion of cancellation
 e - 4 potions of flight {unknown}
 f - 2 potions of curing
 s - a potion of resistance
 x - 4 potions of lignification
 C - 3 potions of haste
 D - a potion of ambrosia {unknown}
 E - 2 potions of might {unknown}
 L - 4 potions of brilliance {unknown}
Books
 b - a book of Callings

   Spells                             Type                      Level
   a - Summon Small Mammal            Summoning                    1
   b - Call Imp                       Summoning                    2
   c - Call Canine Familiar           Summoning                    3
   d - Summon Guardian Golem          Hexes/Summoning              3
   e - Summon Lightning Spire         Summoning/Air                4
   f - Summon Ice Beast               Ice/Summoning                4
 B - a book of Minor Magic

   Spells                             Type                      Level
   a - Magic Dart                     Conjuration                  1
   b - Blink                          Translocation                2
   c - Call Imp                       Summoning                    2
   d - Slow                           Hexes                        2
   e - Conjure Flame                  Conjuration/Fire             3
   f - Mephitic Cloud                 Conjuration/Poison/Air       3
Comestibles
 o - 4 meat rations
 q - a royal jelly
 z - 4 bread rations


   Skills:
 + Level 8.6 Fighting
   Level 4.4(9.0) Polearms
 + Level 11.8(12.1) Staves
 + Level 7.3 Armour
 + Level 4.5 Dodging
 + Level 2.6 Stealth
 + Level 0.5 Invocations


You had 8 spell levels left.
You didn't know any spells.

Dungeon Overview and Level Annotations

Branches:
Dungeon (8/15)             Temple (1/1) D:5            Lair (1/6) D:8

Altars:
Ashenzari
Cheibriados
Dithmenos
Elyvilon
Fedhas
Gozag
Hepliaklqana
Kikubaaqudgha
Makhleb
Nemelex Xobeh
Okawaru
Qazlal
Ru
Sif Muna
Trog
Uskayaw
Vehumet
Wu Jian
Xom
Yredelemnul
Zin
The Shining One

Shops:
D:8 }


Innate Abilities, Weirdness & Mutations

You reflexively headbutt those who attack you in melee.
You have a pair of large horns on your head.
You are partially covered in iridescent scales. (AC +2)
You have a somewhat thin skeletal structure. (Dex +2, Stealth)
You possess an exceptional clarity of mind.


Message History

You kill the yak!
The wolf bites you! You block the wolf's attack. The crocodile bites you!
* * * LOW HITPOINT WARNING * * *
The wolf splashes around in the water.
The yak closely misses you.
You feel better. You block the wolf's attack.
The wolf splashes around in the water.
The yak gores you!
* * * LOW HITPOINT WARNING * * *
The wolf bites you but does no damage.
The crocodile bites you but does no damage.
The wolf bites you.
* * * LOW HITPOINT WARNING * * *
The yak gores you! The Shining One protects you from harm!
You feel better. The wolf bites you but does no damage. The wolf bites you.
* * * LOW HITPOINT WARNING * * *
The wolf splashes around in the water.
The yak gores you but does no damage. The crocodile bites you!
* * * LOW HITPOINT WARNING * * *
The wolf bites you but does no damage. The yak gores you.
You die...

#...#......
#...........
#...#........ #
+###...≈.≈......
#.+....≈≈≈≈≈≈.....
......≈≈≈≈≈≈≈≈...
.....hh≈Y≈≈≈≈≈≈##.
.....≈≈@YY.≈≈≈$...
....≈≈thh<.≈≈≈≈...
.....≈≈≈≈≈≈≈≈≈≈...
.....≈≈≈≈≈≈≈≈≈≈###
.....≈≈≈≈≈≈≈≈≈.≈#
#..##.Y≈≈≈≈≈....#
.........≈......#
...........#....#
........+.....#


You could see 4 yaks, a crocodile and 4 wolves.

Vanquished Creatures
  A yak (Lair:1)
  3 hungry ghosts (D:8)
  4 orc warriors
  A sky beast (D:4)
  2 phantoms
  An ice beast (D:8)
  6 ogres
  A wolf (Lair:1)
  2 centaurs
  A big kobold (D:8)
  5 bullfrogs
  A water moccasin zombie (D:5)
  3 wights (D:8)
  3 howler monkeys
  A crimson imp (D:5)
  A bullfrog zombie (D:6)
  3 centaur zombies
  A hound (D:8)
  5 orc priests
  The ghost of kkknotok the Scratcher, a weakling FeTm (D:3)
  2 centaur skeletons
  A gnoll shaman (D:4)
  A jelly (D:5)
  2 orc wizards
  6 worker ants
  A big kobold zombie (Ossuary)
  2 hound zombies
  A hound skeleton (D:4)
  5 mummies (Ossuary)
  8 adders
  3 gnolls (D:4)
  A shadow imp (D:8)
  An ooze (D:1)
  An adder zombie (D:8)
  2 adder skeletons
  2 worms
  A dart slug (D:1)
  4 leopard geckos
  25 orcs
  4 ball pythons
  5 bats
  3 giant cockroaches
  2 gnoll zombies (Ossuary)
  A goblin (D:2)
  10 hobgoblins
  10 jackals
  13 kobolds
  5 quokkas
  A ball python zombie (D:2)
  16 frilled lizards
  A goblin zombie (Ossuary)
  3 hobgoblin zombies (Ossuary)
  A jackal zombie (D:8)
  2 leopard gecko skeletons
  A quokka skeleton (D:8)
  13 rats
  5 plants (D:2)
211 creatures vanquished.

Notes
Turn   | Place    | Note
-------+----------+-------------------------------------------
     0 | D:1      | Scaveo the Minotaur Monk began the quest for the Orb.
     0 | D:1      | Reached XP level 1. HP: 19/19 MP: 0/0
   188 | D:1      | Reached XP level 2. HP: 27/27 MP: 1/1
   732 | D:1      | Reached XP level 3. HP: 33/33 MP: 2/2
  1195 | D:2      | Found a snail-covered altar of Cheibriados.
  1647 | D:2      | Reached XP level 4. HP: 39/41 MP: 3/3
  1999 | D:3      | Noticed kkknotok's ghost (weakling FeTm)
  2005 | D:3      | Killed kkknotok's ghost
  2005 | D:3      | Reached skill level 1 in Staves
  2005 | D:3      | Reached skill level 1 in Armour
  2177 | D:3      | Reached XP level 5. HP: 40/47 MP: 4/4
  2620 | D:3      | Found a white marble altar of Elyvilon.
  2673 | D:3      | Found a basalt altar of Yredelemnul.
  2734 | D:3      | Became a worshipper of Elyvilon the Healer
  2734 | D:3      | Reached * piety under Elyvilon
  2734 | D:3      | Reached ** piety under Elyvilon
  3091 | D:4      | Noticed an ogre
  3096 | D:4      | Killed an ogre
  3096 | D:4      | Reached skill level 3 in Staves
  3252 | D:4      | Reached skill level 5 in Fighting
  3437 | D:4      | Reached XP level 6. HP: 45/56 MP: 5/5
  3531 | D:4      | Noticed a sky beast
  3546 | D:4      | Killed a sky beast
  3546 | D:4      | Reached skill level 4 in Staves
  3550 | D:4      | Gained mutation: Armour fits poorly on your strangely shaped body. [mutagenic meat]
  3597 | D:4      | Reached skill level 5 in Staves
  3598 | D:4      | Gained mutation: You possess an exceptional clarity of mind. [mutagenic meat]
  3748 | D:4      | Found a shattered altar of Ashenzari.
  3860 | D:4      | Reached XP level 7. HP: 43/61 MP: 6/6
  3886 | D:4      | Reached *** piety under Elyvilon
  4080 | D:5      | Entered Level 5 of the Dungeon
  4087 | D:5      | Lost mutation: Armour fits poorly on your strangely shaped body. [potion of mutation]
  4087 | D:5      | Gained mutation: You have a pair of large horns on your head. [potion of mutation]
  4087 | D:5      | Gained mutation: You have a somewhat thin skeletal structure. (Dex +2, Stealth) [potion of mutation]
  4087 | D:5      | Gained mutation: You are partially covered in iridescent scales. (AC +2) [potion of mutation]
  4295 | D:5      | Found an iron altar of Okawaru.
  4373 | D:5      | Reached skill level 6 in Staves
  4544 | D:5      | Found a staircase to the Ecumenical Temple.
  4899 | D:5      | Noticed a moth of wrath
  4902 | D:5      | Found a bloodstained altar of Trog.
  5173 | Temple   | Entered the Ecumenical Temple
  5175 | Temple   | Reached **** piety under Elyvilon
  5343 | Temple   | Fell from the grace of Elyvilon
  5343 | Temple   | Became a worshipper of the Shining One
  5343 | Temple   | Reached * piety under the Shining One
  5343 | Temple   | Reached ** piety under the Shining One
  5467 | D:6      | Reached skill level 7 in Staves
  5467 | D:6      | Reached skill level 5 in Armour
  5600 | D:6      | Found a hide-covered altar of Uskayaw.
  5617 | D:6      | Reached XP level 8. HP: 37/70 MP: 5/7
  5845 | D:6      | Found a sand-covered staircase.
  5858 | Ossuary  | Entered an ossuary
  5879 | Ossuary  | Reached skill level 8 in Staves
  6031 | Ossuary  | Reached *** piety under the Shining One
  6887 | D:7      | Reached skill level 9 in Staves
  7281 | D:7      | Reached XP level 9. HP: 63/78 MP: 8/8
  7575 | D:7      | Reached skill level 10 in Staves
  8072 | D:8      | Found Adytunud's Gadget Boutique.
  8087 | D:8      | Reached **** piety under the Shining One
  8293 | D:8      | Found a staircase to the Lair.
  8407 | D:8      | Reached skill level 11 in Staves
  9161 | Lair:1   | Entered Level 1 of the Lair of Beasts
  9178 | Lair:1   | The Shining One protects you from harm!
  9179 | Lair:1   | HP: 3/82 [crocodile (12)]
  9179 | Lair:1   | Slain by a yak

Vault maps used:
D:1:      nagdon_arrival_double_spiral, minmay_misc_feat_nine_boxes
D:2:      cheibriados_altar_1, minmay_lizard_king
D:3:      kennysheep_ying_yang
D:4:      evilmike_ruin_ashenzari, hangedman_decor_opposing
D:5:      kennysheep_okawaru_gauntlet, tgw_trog, minmay_temple_entry_junction,
          first_bread
D:6:      basic_altar, nicolae_ossuary_entry_monument
D:8:      kennysheep_six_static_rooms, lair_entry_dummy, serial_shops,
          nicolae_shop_crystal
Temple:   eino_temple_scatter_basement
Lair:1:   infiniplex_staircase_pool_2
Ossuary:  ossuary_crypta

Skill      XL: |  1  2  3  4  5  6  7  8  9 |
---------------+----------------------------+-----
Fighting       | 4 5 6 8 |  8.6
Polearms       | 4 |  4.4
Dodging        | 4 |  4.5
Staves         | 1 3 5 7 9 11 | 11.8
Armour         | 1 2 3 5 6 7 |  7.3
Stealth        | 2 |  2.6
Invocations    | |  0.5

Action                   |  1- 3 |  4- 6 |  7- 9 || total
-------------------------+-------+-------+-------++-------
Melee: Spear             |    76 |       |       ||    76
       Headbutt          |    14 |    50 |    75 ||   139
       Quarterstaff      |    11 |   226 |   331 ||   568
Invok: Lesser Healing    |       |     3 |       ||     3
       Divine Shield     |       |       |     3 ||     3
  Use: Scroll            |     1 |     3 |    22 ||    26
       Potion            |       |       |     4 ||     4
  Eat: Chunk             |     1 |     7 |    11 ||    19
       Bread ration      |     1 |       |       ||     1
       Meat ration       |       |     1 |       ||     1
       Royal jelly       |       |       |     2 ||     2
Armor: Robe              |     7 |       |     6 ||    13
       Chain mail        |    27 |    63 |   133 ||   223
Dodge: Dodged            |    51 |    58 |   161 ||   270
Block: Other             |       |       |     7 ||     7

Table legend:
 A = Spawn XP
 B = Non-spawn XP
 C = Spawn XP percentage of total XP
 D = Spawn monster count
 E = Non-spawn monster count
 F = Spawn count percentage of total count
 G = Total turns spent on level
                    A         B        C        D         E        F      G
               +---------+---------+-------+---------+---------+-------+---------
         Total |       0 |    5380 |   0.0 |       0 |     206 |   0.0 |  9179
               +---------+---------+-------+---------+---------+-------+---------
           D:1 |       0 |      51 |   0.0 |       0 |      26 |   0.0 |  1048
           D:2 |       0 |      67 |   0.0 |       0 |      31 |   0.0 |   931
           D:3 |       0 |      91 |   0.0 |       0 |      17 |   0.0 |  1105
           D:4 |       0 |     560 |   0.0 |       0 |      19 |   0.0 |   996
           D:5 |       0 |     480 |   0.0 |       0 |      22 |   0.0 |  1126
           D:6 |       0 |     731 |   0.0 |       0 |      14 |   0.0 |  1265
           D:7 |       0 |     982 |   0.0 |       0 |      21 |   0.0 |   899
           D:8 |       0 |    1917 |   0.0 |       0 |      41 |   0.0 |  1390
        Lair:1 |       0 |     336 |   0.0 |       0 |       2 |   0.0 |    18
       Ossuary |       0 |     165 |   0.0 |       0 |      13 |   0.0 |   213
               +---------+---------+-------+---------+---------+-------+---------
